Oilers vs Avalanche

Created - 28 mars 2021 at 20:32

Goals
1 2 3 OT1 SO T
Oilers 0 2 0 0 4 3
Avalanche 2 0 0 0 3 2
Shots
1 2 3 OT1 SO T
Oilers 9 12 17 2 8 40
Avalanche 11 5 5 2 8 23

1st period

1. Avalanche , Filip Chytil 2 (Dylan Strome 24) at 1:26
2. Avalanche , Ryan Strome 28 (Ryan Dzingel 15, Sami Vatanen 36) at 1:57

Penalties :
Vladislav Gavrikov (EDM) for Roughing (Minor) at 4:36, Jacob Trouba (EDM) for Hooking (Minor) at 7:06, Jacob Trouba (EDM) for Hooking (Minor) at 11:47

2nd period

3. Oilers , Pavel Zacha 16 (Vladislav Gavrikov 13) at 1:34
4. Oilers , Nick Cousins 6 (Brenden Dillon 12, Barclay Goodrow 12) at 16:54

Penalties :
Cale Fleury (COL) for Tripping (Minor) at 7:47

3rd period

No Goal

Penalties :
Sami Vatanen (COL) for Roughing (Minor) at 10:22, Dominik Kubalik (COL) for Hooking (Minor) at 17:18

Overtime #1

No Goal

Penalties :
No Penalty

Shootout

Oilers, Adam Lowry - Stopped by Michael Dipietro
Avalanche, Ryan Strome - Goal!
Oilers, Evander Kane - Goal!
Avalanche, Casey Cizikas - Stopped by Jonathan Quick
Oilers, Gustav Nyquist - Stopped by Michael Dipietro
Avalanche, Dylan Strome - Stopped by Jonathan Quick
Oilers, Pavel Zacha - Shot Misses the Net
Avalanche, Andreas Athanasiou - Stopped by Jonathan Quick
Oilers, Ryan Johansen - Goal!
Avalanche, Robby Fabbri - Goal!
Oilers, Riley Nash - Stopped by Michael Dipietro
Avalanche, Andreas Johnsson - Stopped by Jonathan Quick
Oilers, Brent Burns - Goal!
Avalanche, Sami Vatanen - Goal!
Oilers, Nick Cousins - Goal!
Avalanche, Frank Vatrano - Stopped by Jonathan Quick

Penalties :
No Penalty

Goalie Stats

Jonathan Quick (EDM), 21 saves from 23 shots - (0,913), W, 11-13-2, 65:00 minutes
Michael Dipietro (COL), 38 saves from 40 shots - (0,950), OTL, 4-3-3, 65:00 minutes

Players Stats for Oilers

Player Name              G  A  P  +/- PIM S  H  SB GA TA FO     MP     PP MP  PK MP  
------------------------------------------------------------------------------------
Adam Lowry               0  0  0   1  0   3  0  0  0  0  11/19  18:07   0:00   3:24 
Barclay Goodrow          0  1  1   1  0   3  3  0  0  0  3/4    18:45   0:00   3:24 
Barrett Hayton           0  0  0   0  0   0  0  0  0  0  3/10    8:51   2:47   0:18 
Brenden Dillon           0  1  1   1  0   1  2  1  0  0  0/0    18:43   0:00   3:07 
Brent Burns              0  0  0   0  0   3  3  1  0  0  0/0    22:32   3:10   0:00 
Dylan DeMelo             0  0  0   1  0   1  2  0  0  0  0/0    20:35   2:47   2:50 
Evander Kane             0  0  0   0  0   4  3  0  0  0  0/1    19:05   3:10   0:00 
Gustav Nyquist           0  0  0   0  0   3  0  0  0  0  0/0    17:01   3:10   0:00 
Jacob Trouba             0  0  0   0  4   1  1  3  0  0  0/0    24:51   3:10   1:19 
Leo Komarov              0  0  0   0  0   1  1  0  0  0  0/1     8:19   0:00   2:33 
Nick Cousins             1  0  1   1  0   8  0  0  0  0  0/0    15:21   0:00   0:00 
Pavel Zacha              1  0  1  -1  0   3  0  0  0  0  7/20   18:51   2:47   0:00 
Riley Nash               0  0  0   0  0   1  1  0  0  0  0/0     5:46   0:00   0:00 
Ryan Johansen            0  0  0   0  0   2  1  2  0  0  13/25  21:20   3:10   2:15 
Sam Bennett              0  0  0  -1  0   1  3  0  0  0  0/1    13:46   0:00   0:00 
Travis Hamonic           0  0  0  -1  0   0  3  3  0  0  0/0    17:23   0:00   2:50 
Vladislav Gavrikov       0  1  1  -1  2   2  2  2  0  0  0/0    20:53   2:47   1:48 
Yanni Gourde             0  0  0  -1  0   3  2  0  0  0  0/0    18:51   2:47   0:00 

Players Stats for Avalanche

Player Name              G  A  P  +/- PIM S  H  SB GA TA FO     MP     PP MP  PK MP  
------------------------------------------------------------------------------------
Andreas Athanasiou       0  0  0   0  0   0  1  0  0  0  0/0    20:51   3:10   2:18 
Andreas Johnsson         0  0  0   1  0   3  2  0  0  0  0/0    15:06   0:00   0:34 
Cale Fleury              0  0  0   1  2   0  1  2  0  0  0/0    15:39   0:00   0:24 
Casey Cizikas            0  0  0  -1  0   2  2  1  0  0  13/23  22:13   2:46   2:42 
Dominik Kubalik          0  0  0   0  2   1  4  0  0  0  0/0    16:35   3:10   0:00 
Dylan Strome             0  1  1   1  0   2  0  0  0  0  12/19  18:23   0:00   1:54 
Filip Chytil             1  0  1   1  0   2  0  0  0  0  1/2    15:33   0:00   1:01 
Frank Vatrano            0  0  0  -1  0   3  0  0  0  0  0/1    17:29   2:46   0:00 
John Marino              0  0  0   0  0   0  1  1  0  0  0/0    22:59   2:25   2:25 
Michael Anderson         0  0  0   1  0   0  3  0  0  0  0/0    16:11   0:00   0:55 
Michael McLeod           0  0  0   0  0   0  0  0  0  0  0/0     0:01   0:01   0:00 
Noah Juulsen             0  0  0   0  0   0  1  0  0  0  0/0    21:18   2:25   1:45 
Robby Fabbri             0  0  0  -1  0   0  1  0  0  0  0/1    18:30   2:46   0:00 
Ryan Dzingel             0  1  1   0  0   0  0  1  0  0  0/0     5:25   0:00   0:00 
Ryan Strome              1  0  1   0  0   6  1  0  0  0  14/30  27:29   3:11   3:25 
Sam Steel                0  0  0   0  0   1  0  0  0  0  4/5     6:27   0:01   0:00 
Sami Vatanen             0  1  1  -1  2   3  1  1  0  0  0/0    23:52   3:32   2:37 
Shayne Gostisbehere      0  0  0  -1  0   0  0  2  0  0  0/0    24:59   3:32   3:48 

3 Stars

1 - Michael Dipietro (COL)
2 - Nick Cousins (EDM)
3 - Barclay Goodrow (EDM)

Power Play

Oilers - 0 on 3 Attempt(s) - 0,00%
Avalanche - 0 on 3 Attempt(s) - 0,00%

Penalty Kill

Oilers - 3 on 3 Attempt(s) - 100,00% - Score 0 goal in Penalty Kill
Avalanche - 3 on 3 Attempt(s) - 100,00% - Score 0 goal in Penalty Kill

Team Stat

Oilers - Hits : 27 - Faceoff Wins : 37 - Blocked Shots : 12 - Penalty Minutes : 6
Avalanche - Hits : 18 - Faceoff Wins : 44 - Blocked Shots : 8 - Penalty Minutes : 6

Official

Referees : Reid Anderson and Kendrick Nicholson
Linesman : Kyle Larson and Brad Kovachik

Game Notes

No Game Note

Finance

Level 1 -- Attendance: 6236 (95,94%) -- Ticket Income 636 072 $
Level 2 -- Attendance: 4821 (96,42%) -- Ticket Income 361 575 $
Level 3 -- Attendance: 3492 (99,77%) -- Ticket Income 192 060 $
Level 4 -- Attendance: 2007 (100,00%) -- Ticket Income 90 315 $
Luxury Box -- Attendance: 1000 (100,00%) -- Ticket Income 200 000 $
Game was played at the Pepsi Center.
Total Attendance: 17556 (97,50%)
Total Ticket Income: 1 480 022 $
Other Income: 725 211 $
Total Income: 2 205 233 $

% Time on Ice - Oilers

Lines # - Real PCT - Wanted PCT - Time Play
Normal Forward
1 - 29% - 30% - 13:51
2 - 29% - 30% - 13:46
3 - 31% - 30% - 14:43
4 - 12% - 10% - 5:46
Normal Defense
1 - 36% - 40% - 17:14
2 - 30% - 30% - 14:33
3 - 32% - 30% - 15:36
4 - 1% - 0% - 0:43
PP Forward
1 - 53% - 60% - 3:10
2 - 47% - 40% - 2:47
PP Defense
1 - 53% - 60% - 3:10
2 - 47% - 40% - 2:47
PK Forward
1 - 62% - 60% - 3:42
2 - 38% - 40% - 2:15
PK Defense
1 - 52% - 60% - 3:07
2 - 48% - 40% - 2:50
PK3 Forward
1 - 0% - 60%
2 - 0% - 40%
PK3 Defense
1 - 0% - 60%
2 - 0% - 40%
44 Forward
1 - 0% - 60%
2 - 0% - 40%
44 Defense
1 - 0% - 60%
2 - 0% - 40%
Last Minute Offensive  - 0:00
Last Minute Defensive  - 0:00
Total
Forward - 60:00
Defense - 60:00

% Time on Ice - Avalanche

Lines # - Real PCT - Wanted PCT - Time Play
Normal Forward
1 - 28% - 40% - 13:26
2 - 31% - 30% - 14:43
3 - 30% - 20% - 14:32
4 - 11% - 10% - 5:25
Normal Defense
1 - 30% - 40% - 14:38
2 - 36% - 30% - 17:08
3 - 32% - 20% - 15:16
4 - 2% - 10% - 1:04
PP Forward
1 - 54% - 60% - 3:11
2 - 46% - 40% - 2:46
PP Defense
1 - 59% - 60% - 3:32
2 - 41% - 40% - 2:25
PK Forward
1 - 68% - 60% - 4:03
2 - 32% - 40% - 1:54
PK Defense
1 - 71% - 60% - 4:12
2 - 29% - 40% - 1:45
PK3 Forward
1 - 0% - 60%
2 - 0% - 40%
PK3 Defense
1 - 0% - 60%
2 - 0% - 40%
44 Forward
1 - 0% - 60%
2 - 0% - 40%
44 Defense
1 - 0% - 60%
2 - 0% - 40%
Last Minute Offensive  - 0:00
Last Minute Defensive  - 0:00
Total
Forward - 60:00
Defense - 60:00

Play-by-Play

1st period


0:01 of 1st period - Ryan Strome wins face-off versus Ryan Johansen in neutral zone.
0:57 of 1st period - Jacob Trouba is hit by John Marino and loses puck.
1:10 of 1st period - Shot by Frank Vatrano.
1:10 of 1st period - Shot Misses the Net.
1:12 of 1st period - Shot by Casey Cizikas.
1:12 of 1st period - Shot Misses the Net.
1:14 of 1st period - Shot by Casey Cizikas.
1:14 of 1st period - Shot Misses the Net.
1:20 of 1st period - Shot by Frank Vatrano.
1:20 of 1st period - Shot Misses the Net.
1:22 of 1st period - Shot by Casey Cizikas.
1:22 of 1st period - Stopped by Jonathan Quick without a rebound.
1:23 of 1st period - Dylan Strome wins face-off versus Pavel Zacha in Oilers zone.
1:26 of 1st period - Shot by Filip Chytil.
1:26 of 1st period - Goal by Filip Chytil - Oilers : 0 - Avalanche : 1.
1:27 of 1st period - Dylan Strome wins face-off versus Adam Lowry in neutral zone.
1:34 of 1st period - Shot by Dylan Strome.
1:34 of 1st period - Shot Misses the Net.
1:49 of 1st period - Shot by Nick Cousins.
1:49 of 1st period - Stopped by Michael Dipietro without a rebound.
1:50 of 1st period - Ryan Strome wins face-off versus Pavel Zacha in Avalanche zone.
1:57 of 1st period - Shot by Ryan Dzingel.
1:57 of 1st period - Deflect By Ryan Strome.
1:57 of 1st period - Goal by Ryan Strome - Oilers : 0 - Avalanche : 2.
1:58 of 1st period - Sam Steel wins face-off versus Pavel Zacha in neutral zone.
2:09 of 1st period - Shot by Ryan Strome.
2:09 of 1st period - Stopped by Jonathan Quick with a rebound.
2:36 of 1st period - Icing by Shayne Gostisbehere.
2:37 of 1st period - Barclay Goodrow wins face-off versus Sam Steel in Avalanche zone.
2:37 of 1st period - Barclay Goodrow is hit by Sami Vatanen.
3:07 of 1st period - Icing by Noah Juulsen.
3:08 of 1st period - Casey Cizikas wins face-off versus Barrett Hayton in Avalanche zone.
3:08 of 1st period - Casey Cizikas is hit by Leo Komarov.
3:50 of 1st period - Shot by Dylan Strome.
3:50 of 1st period - Deflect By Filip Chytil.
3:50 of 1st period - Stopped by Jonathan Quick without a rebound.
3:51 of 1st period - Ryan Strome wins face-off versus Pavel Zacha in Oilers zone.
3:56 of 1st period - Shot by Ryan Strome.
3:56 of 1st period - Shot Blocked by Travis Hamonic.
4:07 of 1st period - Ryan Strome is hit by Travis Hamonic and loses puck.
4:10 of 1st period - Shot by Ryan Strome.
4:10 of 1st period - Shot Misses the Net.
4:16 of 1st period - Shot by Andreas Athanasiou.
4:16 of 1st period - Shot Misses the Net.
4:18 of 1st period - Shot by Andreas Athanasiou.
4:18 of 1st period - Shot Blocked by Travis Hamonic.
4:34 of 1st period - Pavel Zacha is hit by Dominik Kubalik and loses puck.
4:36 of 1st period - Minor Penalty to Vladislav Gavrikov for Roughing.
4:37 of 1st period - Casey Cizikas wins face-off versus Adam Lowry in Oilers zone.
4:44 of 1st period - Shot by Casey Cizikas.
4:44 of 1st period - Shot Misses the Net.
5:46 of 1st period - Dominik Kubalik is hit by Dylan DeMelo and loses puck.
6:10 of 1st period - Off-side.
6:11 of 1st period - Ryan Johansen wins face-off versus Casey Cizikas in neutral zone.
6:20 of 1st period - Shot by Sami Vatanen.
6:20 of 1st period - Stopped by Jonathan Quick with a rebound.
6:22 of 1st period - Shot by Shayne Gostisbehere.
6:22 of 1st period - Shot Blocked by Brenden Dillon.
6:30 of 1st period - Shot by Sami Vatanen.
6:30 of 1st period - Shot Misses the Net.
6:34 of 1st period - Shot by Sami Vatanen.
6:34 of 1st period - Stopped by Jonathan Quick without a rebound.
6:35 of 1st period - Ryan Strome wins face-off versus Adam Lowry in Oilers zone.
6:37 of 1st period - Michael McLeod is hit by Travis Hamonic and loses puck.
6:44 of 1st period - Shot by Andreas Johnsson.
6:44 of 1st period - Stopped by Jonathan Quick without a rebound.
6:45 of 1st period - Dylan Strome wins face-off versus Pavel Zacha in Oilers zone.
7:06 of 1st period - Minor Penalty to Jacob Trouba for Hooking.
7:07 of 1st period - Ryan Strome wins face-off versus Adam Lowry in Oilers zone.
7:20 of 1st period - Shot by Sami Vatanen.
7:20 of 1st period - Shot Misses the Net.
8:09 of 1st period - Icing by Casey Cizikas.
8:10 of 1st period - Adam Lowry wins face-off versus Casey Cizikas in Avalanche zone.
8:59 of 1st period - Ryan Strome is hit by Dylan DeMelo and loses puck.
9:26 of 1st period - Shot by Yanni Gourde.
9:26 of 1st period - Deflect By Pavel Zacha.
9:26 of 1st period - Shot Misses the Net.
9:28 of 1st period - Shot by Brent Burns.
9:28 of 1st period - Shot Misses the Net.
9:30 of 1st period - Shot by Pavel Zacha.
9:30 of 1st period - Stopped by Michael Dipietro with a rebound.
9:36 of 1st period - Shot by Sam Bennett.
9:36 of 1st period - Stopped by Michael Dipietro with a rebound.
10:04 of 1st period - Icing by Andreas Johnsson.
10:05 of 1st period - Filip Chytil wins face-off versus Barrett Hayton in Avalanche zone.
10:05 of 1st period - Filip Chytil is hit by Riley Nash.
10:17 of 1st period - Shot by Barrett Hayton.
10:17 of 1st period - Shot Misses the Net.
10:55 of 1st period - Shot by Adam Lowry.
10:55 of 1st period - Deflect By Nick Cousins.
10:55 of 1st period - Stopped by Michael Dipietro with a rebound.
11:11 of 1st period - Shot by Adam Lowry.
11:11 of 1st period - Shot Blocked by Cale Fleury.
11:13 of 1st period - Shot by Barclay Goodrow.
11:13 of 1st period - Stopped by Michael Dipietro without a rebound.
11:14 of 1st period - Ryan Strome wins face-off versus Evander Kane in Avalanche zone.
11:32 of 1st period - Icing by Jacob Trouba.
11:33 of 1st period - Casey Cizikas wins face-off versus Ryan Johansen in Oilers zone.
11:36 of 1st period - Shot by Robby Fabbri.
11:36 of 1st period - Deflect By Frank Vatrano.
11:36 of 1st period - Shot Misses the Net.
11:38 of 1st period - Shot by Frank Vatrano.
11:38 of 1st period - Stopped by Jonathan Quick with a rebound.
11:42 of 1st period - Shot by Frank Vatrano.
11:42 of 1st period - Shot Misses the Net.
11:44 of 1st period - Shot by Frank Vatrano.
11:44 of 1st period - Shot Blocked by Brent Burns.
11:47 of 1st period - Minor Penalty to Jacob Trouba for Hooking.
11:48 of 1st period - Adam Lowry wins face-off versus Ryan Strome in Oilers zone.
12:21 of 1st period - Shot by Ryan Strome.
12:21 of 1st period - Shot Misses the Net.
12:27 of 1st period - Shot by Sami Vatanen.
12:27 of 1st period - Stopped by Jonathan Quick without a rebound.
12:28 of 1st period - Casey Cizikas wins face-off versus Ryan Johansen in Oilers zone.
12:31 of 1st period - Shot by John Marino.
12:31 of 1st period - Shot Blocked by Ryan Johansen.
13:32 of 1st period - Shot by Sami Vatanen.
13:32 of 1st period - Deflect By Ryan Strome.
13:32 of 1st period - Stopped by Jonathan Quick without a rebound.
13:33 of 1st period - Adam Lowry wins face-off versus Ryan Strome in Oilers zone.
13:55 of 1st period - Icing by Jacob Trouba.
13:56 of 1st period - Pavel Zacha wins face-off versus Dylan Strome in Oilers zone.
13:56 of 1st period - Pavel Zacha is hit by Andreas Johnsson.
14:32 of 1st period - Shot by Yanni Gourde.
14:32 of 1st period - Stopped by Michael Dipietro without a rebound.
14:33 of 1st period - Adam Lowry wins face-off versus Frank Vatrano in Avalanche zone.
14:43 of 1st period - Shot by Nick Cousins.
14:43 of 1st period - Stopped by Michael Dipietro with a rebound.
14:45 of 1st period - Shot by Brenden Dillon.
14:45 of 1st period - Stopped by Michael Dipietro without a rebound.
14:46 of 1st period - Ryan Johansen wins face-off versus Ryan Strome in Avalanche zone.
15:05 of 1st period - Shot by Evander Kane.
15:05 of 1st period - Shot Misses the Net.
15:07 of 1st period - Shot by Ryan Johansen.
15:07 of 1st period - Shot Blocked by John Marino.
15:17 of 1st period - Icing by Vladislav Gavrikov.
15:18 of 1st period - Ryan Johansen wins face-off versus Casey Cizikas in Oilers zone.
15:31 of 1st period - Shot by Robby Fabbri.
15:31 of 1st period - Shot Blocked by Travis Hamonic.
16:26 of 1st period - Icing by Brenden Dillon.
16:27 of 1st period - Adam Lowry wins face-off versus Ryan Strome in Oilers zone.
16:27 of 1st period - Adam Lowry is hit by Ryan Strome.
17:05 of 1st period - Shot by Ryan Strome.
17:05 of 1st period - Shot Misses the Net.
17:07 of 1st period - Shot by Ryan Strome.
17:07 of 1st period - Shot Misses the Net.
17:14 of 1st period - Icing by Jacob Trouba.
17:15 of 1st period - Pavel Zacha wins face-off versus Casey Cizikas in Oilers zone.
17:34 of 1st period - Shot by Casey Cizikas.
17:34 of 1st period - Shot Blocked by Ryan Johansen.
17:40 of 1st period - Shot by Gustav Nyquist.
17:40 of 1st period - Shot Blocked by Shayne Gostisbehere.
17:42 of 1st period - Shot by Evander Kane.
17:42 of 1st period - Shot Misses the Net.
17:52 of 1st period - Shot by Ryan Johansen.
17:52 of 1st period - Stopped by Michael Dipietro without a rebound.
17:53 of 1st period - Barrett Hayton wins face-off versus Dylan Strome in Avalanche zone.
18:12 of 1st period - Shot by Riley Nash.
18:12 of 1st period - Deflect By Barrett Hayton.
18:12 of 1st period - Shot Misses the Net.
Goals for this period are 0 for Oilers vs 2 for Avalanche.
Shots for this period are 9 for Oilers vs 11 for Avalanche.

2nd period


0:01 of 2nd period - Adam Lowry wins face-off versus Ryan Strome in neutral zone.
0:17 of 2nd period - Icing by Brent Burns.
0:18 of 2nd period - Casey Cizikas wins face-off versus Adam Lowry in Oilers zone.
0:35 of 2nd period - Robby Fabbri is hit by Jacob Trouba and loses puck.
0:45 of 2nd period - Frank Vatrano is hit by Brent Burns and loses puck.
0:55 of 2nd period - Robby Fabbri is hit by Brent Burns and loses puck.
1:10 of 2nd period - Icing by Sami Vatanen.
1:11 of 2nd period - Ryan Johansen wins face-off versus Ryan Strome in Avalanche zone.
1:16 of 2nd period - Shot by Gustav Nyquist.
1:16 of 2nd period - Deflect By Ryan Johansen.
1:16 of 2nd period - Shot Misses the Net.
1:18 of 2nd period - Shot by Ryan Johansen.
1:18 of 2nd period - Shot Misses the Net.
1:20 of 2nd period - Shot by Gustav Nyquist.
1:20 of 2nd period - Stopped by Michael Dipietro without a rebound.
1:21 of 2nd period - Sam Steel wins face-off versus Pavel Zacha in Avalanche zone.
1:21 of 2nd period - Sam Steel is hit by Sam Bennett.
1:34 of 2nd period - Shot by Pavel Zacha.
1:34 of 2nd period - Goal by Pavel Zacha - Oilers : 1 - Avalanche : 2.
1:35 of 2nd period - Ryan Johansen wins face-off versus Ryan Strome in neutral zone.
2:50 of 2nd period - Off-side.
2:51 of 2nd period - Adam Lowry wins face-off versus Dylan Strome in neutral zone.
2:59 of 2nd period - Barclay Goodrow is hit by Michael Anderson and loses puck.
3:24 of 2nd period - Shot by Barclay Goodrow.
3:24 of 2nd period - Stopped by Michael Dipietro with a rebound.
5:11 of 2nd period - Off-side.
5:12 of 2nd period - Sam Steel wins face-off versus Adam Lowry in neutral zone.
5:30 of 2nd period - Shot by Ryan Dzingel.
5:30 of 2nd period - Shot Blocked by Jacob Trouba.
5:36 of 2nd period - Shot by Ryan Strome.
5:36 of 2nd period - Deflect By Ryan Dzingel.
5:36 of 2nd period - Shot Blocked by Jacob Trouba.
5:38 of 2nd period - Shot by Sam Steel.
5:38 of 2nd period - Stopped by Jonathan Quick without a rebound.
5:39 of 2nd period - Dylan Strome wins face-off versus Ryan Johansen in Oilers zone.
5:39 of 2nd period - Dylan Strome is hit by Brenden Dillon.
5:43 of 2nd period - Shot by Andreas Johnsson.
5:43 of 2nd period - Stopped by Jonathan Quick without a rebound.
5:44 of 2nd period - Ryan Johansen wins face-off versus Filip Chytil in Oilers zone.
6:03 of 2nd period - Gustav Nyquist is hit by Noah Juulsen and loses puck.
6:10 of 2nd period - Shot by Ryan Johansen.
6:10 of 2nd period - Shot Misses the Net.
6:12 of 2nd period - Shot by Ryan Johansen.
6:12 of 2nd period - Shot Hit the Post.
7:12 of 2nd period - Shot by Ryan Strome.
7:12 of 2nd period - Stopped by Jonathan Quick without a rebound.
7:13 of 2nd period - Pavel Zacha wins face-off versus Casey Cizikas in Oilers zone.
7:17 of 2nd period - Vladislav Gavrikov is hit by Michael Anderson and loses puck.
7:47 of 2nd period - Minor Penalty to Cale Fleury for Tripping.
7:48 of 2nd period - Ryan Johansen wins face-off versus Ryan Strome in Avalanche zone.
8:07 of 2nd period - Shot by Brent Burns.
8:07 of 2nd period - Shot Hit the Post.
9:08 of 2nd period - Shot by Yanni Gourde.
9:08 of 2nd period - Stopped by Michael Dipietro with a rebound.
9:16 of 2nd period - Shot by Barrett Hayton.
9:16 of 2nd period - Shot Misses the Net.
9:18 of 2nd period - Shot by Vladislav Gavrikov.
9:18 of 2nd period - Shot Misses the Net.
9:20 of 2nd period - Shot by Dylan DeMelo.
9:20 of 2nd period - Shot Misses the Net.
9:22 of 2nd period - Shot by Vladislav Gavrikov.
9:22 of 2nd period - Stopped by Michael Dipietro without a rebound.
9:23 of 2nd period - Ryan Strome wins face-off versus Barrett Hayton in Avalanche zone.
9:48 of 2nd period - Shot by Yanni Gourde.
9:48 of 2nd period - Shot Misses the Net.
9:50 of 2nd period - Shot by Adam Lowry.
9:50 of 2nd period - Stopped by Michael Dipietro with a rebound.
9:52 of 2nd period - Shot by Barclay Goodrow.
9:52 of 2nd period - Shot Blocked by Ryan Dzingel.
9:56 of 2nd period - Shot by Adam Lowry.
9:56 of 2nd period - Shot Misses the Net.
10:08 of 2nd period - Shot by Adam Lowry.
10:08 of 2nd period - Shot Misses the Net.
10:52 of 2nd period - Shot by Riley Nash.
10:52 of 2nd period - Deflect By Leo Komarov.
10:52 of 2nd period - Stopped by Michael Dipietro with a rebound.
11:27 of 2nd period - Shot by Gustav Nyquist.
11:27 of 2nd period - Stopped by Michael Dipietro with a rebound.
11:57 of 2nd period - Shot by Yanni Gourde.
11:57 of 2nd period - Deflect By Pavel Zacha.
11:57 of 2nd period - Shot Misses the Net.
12:19 of 2nd period - Icing by Adam Lowry.
12:20 of 2nd period - Dylan Strome wins face-off versus Barclay Goodrow in Oilers zone.
12:34 of 2nd period - Shot by Adam Lowry.
12:34 of 2nd period - Stopped by Michael Dipietro without a rebound.
12:35 of 2nd period - Dylan Strome wins face-off versus Ryan Johansen in Avalanche zone.
12:50 of 2nd period - Shot by Dylan Strome.
12:50 of 2nd period - Deflect By Andreas Johnsson.
12:50 of 2nd period - Shot Misses the Net.
12:52 of 2nd period - Shot by Andreas Johnsson.
12:52 of 2nd period - Stopped by Jonathan Quick without a rebound.
12:53 of 2nd period - Adam Lowry wins face-off versus Casey Cizikas in Oilers zone.
13:03 of 2nd period - Frank Vatrano is hit by Travis Hamonic and loses puck.
13:10 of 2nd period - Noah Juulsen is hit by Barclay Goodrow and loses puck.
14:03 of 2nd period - Shot by Evander Kane.
14:03 of 2nd period - Stopped by Michael Dipietro without a rebound.
14:04 of 2nd period - Pavel Zacha wins face-off versus Dylan Strome in Avalanche zone.
14:17 of 2nd period - Jacob Trouba is hit by Andreas Johnsson and loses puck.
14:27 of 2nd period - Off-side.
14:28 of 2nd period - Ryan Strome wins face-off versus Barrett Hayton in neutral zone.
14:36 of 2nd period - Leo Komarov is hit by Dominik Kubalik and loses puck.
16:05 of 2nd period - Ryan Dzingel is hit by Vladislav Gavrikov and loses puck.
16:43 of 2nd period - Off-side.
16:44 of 2nd period - Barclay Goodrow wins face-off versus Casey Cizikas in neutral zone.
16:44 of 2nd period - Barclay Goodrow is hit by Casey Cizikas.
16:54 of 2nd period - Shot by Nick Cousins.
16:54 of 2nd period - Goal by Nick Cousins - Oilers : 2 - Avalanche : 2.
16:55 of 2nd period - Dylan Strome wins face-off versus Leo Komarov in neutral zone.
18:00 of 2nd period - Shot by Adam Lowry.
18:00 of 2nd period - Shot Misses the Net.
18:02 of 2nd period - Shot by Barclay Goodrow.
18:02 of 2nd period - Stopped by Michael Dipietro without a rebound.
18:03 of 2nd period - Pavel Zacha wins face-off versus Casey Cizikas in Avalanche zone.
18:18 of 2nd period - Sam Bennett is hit by Robby Fabbri and loses puck.
19:11 of 2nd period - Icing by Dylan DeMelo.
19:12 of 2nd period - Barclay Goodrow wins face-off versus Ryan Strome in Oilers zone.
19:37 of 2nd period - Shot by Dominik Kubalik.
19:37 of 2nd period - Stopped by Jonathan Quick with a rebound.
19:39 of 2nd period - Shot by Ryan Strome.
19:39 of 2nd period - Deflect By Dominik Kubalik.
19:39 of 2nd period - Shot Misses the Net.
19:41 of 2nd period - Shot by John Marino.
19:41 of 2nd period - Shot Misses the Net.
Goals for this period are 2 for Oilers vs 0 for Avalanche.
Shots for this period are 12 for Oilers vs 5 for Avalanche.

3rd period


0:01 of 3rd period - Ryan Johansen wins face-off versus Ryan Strome in neutral zone.
0:01 of 3rd period - Ryan Johansen is hit by Andreas Athanasiou.
0:40 of 3rd period - Shot by Ryan Strome.
0:40 of 3rd period - Shot Misses the Net.
0:47 of 3rd period - Icing by Brent Burns.
0:48 of 3rd period - Casey Cizikas wins face-off versus Ryan Johansen in Oilers zone.
0:48 of 3rd period - Frank Vatrano is hit by Brent Burns and loses puck.
1:14 of 3rd period - Icing by Noah Juulsen.
1:15 of 3rd period - Casey Cizikas wins face-off versus Sam Bennett in Avalanche zone.
1:15 of 3rd period - Casey Cizikas is hit by Yanni Gourde.
1:29 of 3rd period - Shot by Robby Fabbri.
1:29 of 3rd period - Shot Blocked by Vladislav Gavrikov.
1:31 of 3rd period - Shot by Robby Fabbri.
1:31 of 3rd period - Deflect By Frank Vatrano.
1:31 of 3rd period - Stopped by Jonathan Quick without a rebound.
1:32 of 3rd period - Ryan Strome wins face-off versus Adam Lowry in Oilers zone.
1:32 of 3rd period - Shayne Gostisbehere is hit by Brenden Dillon and loses puck.
1:43 of 3rd period - Shot by Nick Cousins.
1:43 of 3rd period - Stopped by Michael Dipietro with a rebound.
1:59 of 3rd period - Shot by Ryan Strome.
1:59 of 3rd period - Shot Misses the Net.
2:05 of 3rd period - Shot by Nick Cousins.
2:05 of 3rd period - Stopped by Michael Dipietro with a rebound.
2:11 of 3rd period - Shot by Adam Lowry.
2:11 of 3rd period - Stopped by Michael Dipietro with a rebound.
2:59 of 3rd period - Shot by Filip Chytil.
2:59 of 3rd period - Deflect By Dylan Strome.
2:59 of 3rd period - Stopped by Jonathan Quick without a rebound.
3:00 of 3rd period - Ryan Johansen wins face-off versus Casey Cizikas in Oilers zone.
3:24 of 3rd period - Shot by Frank Vatrano.
3:24 of 3rd period - Stopped by Jonathan Quick with a rebound.
3:26 of 3rd period - Shot by Casey Cizikas.
3:26 of 3rd period - Shot Misses the Net.
3:49 of 3rd period - Ryan Johansen is hit by Cale Fleury.
4:11 of 3rd period - Shot by Sam Steel.
4:11 of 3rd period - Shot Misses the Net.
4:46 of 3rd period - Off-side.
4:47 of 3rd period - Ryan Strome wins face-off versus Pavel Zacha in neutral zone.
5:27 of 3rd period - Icing by Vladislav Gavrikov.
5:28 of 3rd period - Casey Cizikas wins face-off versus Pavel Zacha in Oilers zone.
6:30 of 3rd period - Shot by Dylan Strome.
6:30 of 3rd period - Shot Misses the Net.
6:36 of 3rd period - Shot by Dylan Strome.
6:36 of 3rd period - Stopped by Jonathan Quick without a rebound.
6:37 of 3rd period - Adam Lowry wins face-off versus Ryan Strome in Oilers zone.
6:37 of 3rd period - Adam Lowry is hit by Dominik Kubalik.
7:30 of 3rd period - Icing by Sami Vatanen.
7:31 of 3rd period - Dylan Strome wins face-off versus Ryan Johansen in Avalanche zone.
7:31 of 3rd period - Shayne Gostisbehere is hit by Evander Kane and loses puck.
7:42 of 3rd period - Shot by Evander Kane.
7:42 of 3rd period - Stopped by Michael Dipietro with a rebound.
7:46 of 3rd period - Shot by Ryan Johansen.
7:46 of 3rd period - Shot Misses the Net.
7:56 of 3rd period - Shot by Evander Kane.
7:56 of 3rd period - Stopped by Michael Dipietro without a rebound.
7:57 of 3rd period - Casey Cizikas wins face-off versus Barrett Hayton in Avalanche zone.
8:19 of 3rd period - Shot by Casey Cizikas.
8:19 of 3rd period - Stopped by Jonathan Quick without a rebound.
8:20 of 3rd period - Ryan Johansen wins face-off versus Ryan Strome in Oilers zone.
8:20 of 3rd period - Ryan Johansen is hit by Dominik Kubalik.
8:26 of 3rd period - Shot by Gustav Nyquist.
8:26 of 3rd period - Shot Misses the Net.
8:28 of 3rd period - Shot by Vladislav Gavrikov.
8:28 of 3rd period - Stopped by Michael Dipietro without a rebound.
8:29 of 3rd period - Dylan Strome wins face-off versus Pavel Zacha in Avalanche zone.
8:39 of 3rd period - Shayne Gostisbehere is hit by Sam Bennett and loses puck.
8:46 of 3rd period - Shot by Sam Bennett.
8:46 of 3rd period - Shot Misses the Net.
8:48 of 3rd period - Shot by Yanni Gourde.
8:48 of 3rd period - Stopped by Michael Dipietro without a rebound.
8:49 of 3rd period - Ryan Strome wins face-off versus Ryan Johansen in Avalanche zone.
9:02 of 3rd period - Shot by Ryan Johansen.
9:02 of 3rd period - Stopped by Michael Dipietro without a rebound.
9:03 of 3rd period - Casey Cizikas wins face-off versus Adam Lowry in Avalanche zone.
9:03 of 3rd period - Casey Cizikas is hit by Barclay Goodrow.
9:33 of 3rd period - Shot by Barclay Goodrow.
9:33 of 3rd period - Deflect By Nick Cousins.
9:33 of 3rd period - Stopped by Michael Dipietro without a rebound.
9:34 of 3rd period - Ryan Johansen wins face-off versus Ryan Strome in Avalanche zone.
9:39 of 3rd period - Shot by Gustav Nyquist.
9:39 of 3rd period - Shot Misses the Net.
9:41 of 3rd period - Shot by Brent Burns.
9:41 of 3rd period - Stopped by Michael Dipietro without a rebound.
9:42 of 3rd period - Ryan Strome wins face-off versus Ryan Johansen in Avalanche zone.
10:11 of 3rd period - Shot by Evander Kane.
10:11 of 3rd period - Shot Misses the Net.
10:13 of 3rd period - Shot by Jacob Trouba.
10:13 of 3rd period - Stopped by Michael Dipietro without a rebound.
10:14 of 3rd period - Casey Cizikas wins face-off versus Pavel Zacha in Avalanche zone.
10:14 of 3rd period - Frank Vatrano is hit by Sam Bennett and loses puck.
10:22 of 3rd period - Minor Penalty to Sami Vatanen for Roughing.
10:23 of 3rd period - Barrett Hayton wins face-off versus Ryan Strome in Avalanche zone.
12:05 of 3rd period - Icing by Vladislav Gavrikov.
12:06 of 3rd period - Barrett Hayton wins face-off versus Dylan Strome in Oilers zone.
12:18 of 3rd period - Icing by Vladislav Gavrikov.
12:19 of 3rd period - Dylan Strome wins face-off versus Barrett Hayton in Oilers zone.
12:20 of 3rd period - Shot by Andreas Athanasiou.
12:20 of 3rd period - Shot Misses the Net.
12:47 of 3rd period - Dylan Strome is hit by Barclay Goodrow and loses puck.
13:31 of 3rd period - Off-side.
13:32 of 3rd period - Casey Cizikas wins face-off versus Pavel Zacha in neutral zone.
14:47 of 3rd period - Shot by Evander Kane.
14:47 of 3rd period - Shot Misses the Net.
14:49 of 3rd period - Shot by Brent Burns.
14:49 of 3rd period - Shot Blocked by Sami Vatanen.
15:28 of 3rd period - Shot by Nick Cousins.
15:28 of 3rd period - Stopped by Michael Dipietro without a rebound.
15:29 of 3rd period - Adam Lowry wins face-off versus Robby Fabbri in Avalanche zone.
16:18 of 3rd period - Riley Nash is hit by Casey Cizikas and loses puck.
16:47 of 3rd period - Shot by Riley Nash.
16:47 of 3rd period - Stopped by Michael Dipietro without a rebound.
16:48 of 3rd period - Ryan Johansen wins face-off versus Ryan Strome in Avalanche zone.
16:59 of 3rd period - Shot by Gustav Nyquist.
16:59 of 3rd period - Stopped by Michael Dipietro without a rebound.
17:00 of 3rd period - Dylan Strome wins face-off versus Pavel Zacha in Avalanche zone.
17:00 of 3rd period - Dylan Strome is hit by Yanni Gourde.
17:13 of 3rd period - Icing by Travis Hamonic.
17:14 of 3rd period - Pavel Zacha wins face-off versus Ryan Strome in Oilers zone.
17:18 of 3rd period - Minor Penalty to Dominik Kubalik for Hooking.
17:19 of 3rd period - Ryan Strome wins face-off versus Ryan Johansen in Avalanche zone.
17:19 of 3rd period - Ryan Strome is hit by Ryan Johansen.
17:35 of 3rd period - Ryan Strome is hit by Evander Kane and loses puck.
18:25 of 3rd period - Shot by Yanni Gourde.
18:25 of 3rd period - Shot Hit the Post.
18:36 of 3rd period - Icing by Pavel Zacha.
18:37 of 3rd period - Ryan Strome wins face-off versus Barrett Hayton in Oilers zone.
18:37 of 3rd period - Casey Cizikas is hit by Vladislav Gavrikov and loses puck.
18:54 of 3rd period - Shot by Dylan DeMelo.
18:54 of 3rd period - Stopped by Michael Dipietro without a rebound.
18:55 of 3rd period - Dylan Strome wins face-off versus Ryan Johansen in Avalanche zone.
18:55 of 3rd period - Dylan Strome is hit by Evander Kane.
19:15 of 3rd period - Shot by Brent Burns.
19:15 of 3rd period - Stopped by Michael Dipietro with a rebound.
19:17 of 3rd period - Shot by Brent Burns.
19:17 of 3rd period - Stopped by Michael Dipietro without a rebound.
19:18 of 3rd period - Adam Lowry wins face-off versus Dylan Strome in Avalanche zone.
19:18 of 3rd period - Brenden Dillon is hit by Michael Anderson and loses puck.
19:21 of 3rd period - Shot by Barclay Goodrow.
19:21 of 3rd period - Shot Blocked by Cale Fleury.
19:23 of 3rd period - Shot by Dylan DeMelo.
19:23 of 3rd period - Shot Hit the Post.
Goals for this period are 0 for Oilers vs 0 for Avalanche.
Shots for this period are 17 for Oilers vs 5 for Avalanche.

Overtime #1


0:01 of 1st overtime period - Ryan Johansen wins face-off versus Casey Cizikas in neutral zone.
0:20 of 1st overtime period - Shot by Casey Cizikas.
0:20 of 1st overtime period - Shot Misses the Net.
0:22 of 1st overtime period - Shot by Sami Vatanen.
0:22 of 1st overtime period - Shot Blocked by Jacob Trouba.
0:24 of 1st overtime period - Shot by Ryan Strome.
0:24 of 1st overtime period - Shot Misses the Net.
0:30 of 1st overtime period - Shot by Ryan Strome.
0:30 of 1st overtime period - Stopped by Jonathan Quick without a rebound.
0:31 of 1st overtime period - Pavel Zacha wins face-off versus Dylan Strome in Oilers zone.
0:48 of 1st overtime period - Shot by Yanni Gourde.
0:48 of 1st overtime period - Shot Blocked by Shayne Gostisbehere.
1:02 of 1st overtime period - Shot by Pavel Zacha.
1:02 of 1st overtime period - Stopped by Michael Dipietro without a rebound.
1:03 of 1st overtime period - Casey Cizikas wins face-off versus Ryan Johansen in Avalanche zone.
1:12 of 1st overtime period - Shot by Ryan Strome.
1:12 of 1st overtime period - Stopped by Jonathan Quick with a rebound.
1:31 of 1st overtime period - Shot by Evander Kane.
1:31 of 1st overtime period - Shot Misses the Net.
1:33 of 1st overtime period - Shot by Evander Kane.
1:33 of 1st overtime period - Shot Misses the Net.
1:35 of 1st overtime period - Shot by Evander Kane.
1:35 of 1st overtime period - Stopped by Michael Dipietro with a rebound.
1:37 of 1st overtime period - Shot by Brent Burns.
1:37 of 1st overtime period - Shot Blocked by Casey Cizikas.
1:45 of 1st overtime period - Shot by Ryan Johansen.
1:45 of 1st overtime period - Shot Misses the Net.
2:03 of 1st overtime period - Shot by Pavel Zacha.
2:03 of 1st overtime period - Shot Misses the Net.
2:18 of 1st overtime period - Shot by Andreas Athanasiou.
2:18 of 1st overtime period - Shot Blocked by Vladislav Gavrikov.
2:20 of 1st overtime period - Shot by Andreas Athanasiou.
2:20 of 1st overtime period - Shot Misses the Net.
2:24 of 1st overtime period - Shot by Andreas Athanasiou.
2:24 of 1st overtime period - Shot Misses the Net.
2:26 of 1st overtime period - Shot by Shayne Gostisbehere.
2:26 of 1st overtime period - Shot Misses the Net.
2:28 of 1st overtime period - Shot by Shayne Gostisbehere.
2:28 of 1st overtime period - Shot Misses the Net.
2:43 of 1st overtime period - Icing by Yanni Gourde.
2:44 of 1st overtime period - Sam Steel wins face-off versus Pavel Zacha in Oilers zone.
2:51 of 1st overtime period - Shot by Sam Steel.
2:51 of 1st overtime period - Shot Misses the Net.
2:59 of 1st overtime period - Shot by Sam Steel.
2:59 of 1st overtime period - Shot Misses the Net.
Goals for this period are 0 for Oilers vs 0 for Avalanche.
Shots for this period are 2 for Oilers vs 2 for Avalanche.

ShootOut


5:00 of 1st overtime period - Round #1.
5:00 of 1st overtime period - Oilers, Adam Lowry.
5:00 of 1st overtime period - Stopped by Michael Dipietro.
5:00 of 1st overtime period - Avalanche, Ryan Strome.
5:00 of 1st overtime period - Goal by Ryan Strome.
5:00 of 1st overtime period - Round #2.
5:00 of 1st overtime period - Oilers, Evander Kane.
5:00 of 1st overtime period - Goal by Evander Kane.
5:00 of 1st overtime period - Avalanche, Casey Cizikas.
5:00 of 1st overtime period - Stopped by Jonathan Quick.
5:00 of 1st overtime period - Round #3.
5:00 of 1st overtime period - Oilers, Gustav Nyquist.
5:00 of 1st overtime period - Stopped by Michael Dipietro.
5:00 of 1st overtime period - Avalanche, Dylan Strome.
5:00 of 1st overtime period - Stopped by Jonathan Quick.
5:00 of 1st overtime period - Round #4.
5:00 of 1st overtime period - Oilers, Pavel Zacha.
5:00 of 1st overtime period - Shot Misses the Net.
5:00 of 1st overtime period - Avalanche, Andreas Athanasiou.
5:00 of 1st overtime period - Stopped by Jonathan Quick.
5:00 of 1st overtime period - Round #5.
5:00 of 1st overtime period - Oilers, Ryan Johansen.
5:00 of 1st overtime period - Goal by Ryan Johansen.
5:00 of 1st overtime period - Avalanche, Robby Fabbri.
5:00 of 1st overtime period - Goal by Robby Fabbri.
5:00 of 1st overtime period - Round #6.
5:00 of 1st overtime period - Oilers, Riley Nash.
5:00 of 1st overtime period - Stopped by Michael Dipietro.
5:00 of 1st overtime period - Avalanche, Andreas Johnsson.
5:00 of 1st overtime period - Stopped by Jonathan Quick.
5:00 of 1st overtime period - Round #7.
5:00 of 1st overtime period - Oilers, Brent Burns.
5:00 of 1st overtime period - Goal by Brent Burns.
5:00 of 1st overtime period - Avalanche, Sami Vatanen.
5:00 of 1st overtime period - Goal by Sami Vatanen.
5:00 of 1st overtime period - Round #8.
5:00 of 1st overtime period - Oilers, Nick Cousins.
5:00 of 1st overtime period - Goal by Nick Cousins.
5:00 of 1st overtime period - Avalanche, Frank Vatrano.
5:00 of 1st overtime period - Stopped by Jonathan Quick.